 Dungeon Crawl Stone Soup version 0.31-a0-188-g5e087ee2ca (webtiles) character file.

Game seed: 12090336620349048869

244 qw the Skirmisher (level 5, -1/26 (30) HPs)
             Began as a Deep Elf Hunter on June 23, 2023.
             Slain by a gnoll
             ... wielding a +1 flail of draining
              (6 damage)
             ... on level 3 of the Dungeon.
             The game lasted 00:00:51 (2001 turns).

qw the Skirmisher (Deep Elf Hunter)                 Turns: 2001, Time: 00:00:51

HP:   -1/26 (30)    AC:  9    Str: 10    XL:     5   Next: 83%
MP:   7/7           EV: 11    Int: 14    God:
Gold: 47            SH:  0    Dex: 18    Spells: 4/4 levels left

rFire   . . .        Y - +1 shortbow
rCold   . . .        (shield currently unavailable)
rNeg    . . .        b - +0 ring mail
rPois   .            h - +2 helmet
rElec   .            (no cloak)
rCorr   .            i - +0 pair of gloves
SInv    .            (no boots)
Will    .....        (no amulet)
Stlth   +            (no ring)
HPRegen 0.24/turn    (no ring)
MPRegen 0.10/turn

%: no passive effects
@: heavily drained
A: no striking features
a: no special abilities


You were on level 3 of the Dungeon.
You visited 1 branch of the dungeon, and saw 3 of its levels.

You collected 87 gold pieces.
You spent 40 gold pieces at shops.


   Skills:
 + Level 1.9 Fighting
 - Level 9.3 Ranged Weapons
 - Level 2.4 Dodging
 - Level 1.2 Stealth


You had 4 spell levels left.
You didn't know any spells.
Your spell library was empty.

Inventory:

Hand Weapons
 Y - a +1 shortbow (weapon)
Armour
 b - a +0 ring mail (worn)
 h - a +2 helmet (worn)
 i - a +0 pair of gloves (worn)
Scrolls
 g - a scroll of identify
Potions
 a - a potion of ambrosia {unknown}
 e - 2 potions of curing
 f - a potion of degeneration {unknown}

Dungeon Overview and Level Annotations

Branches:
Dungeon (3/15)

Altars:
Zin

Shops:
D:1 ?


Message History

You shoot an arrow. The arrow barely misses the adder.
You shoot an arrow.
The arrow hits the gnoll but does no damage.
You shoot an arrow. The arrow hits the adder!
You kill the adder!
You shoot an arrow. The arrow barely misses the gnoll.
You shoot an arrow. The arrow hits the gnoll.
The gnoll is lightly wounded.
The gnoll hits you but does no damage.
You shoot an arrow. The arrow barely misses the gnoll.
The arrow hits the gnoll.
The gnoll is moderately wounded.
The gnoll hits you but does no damage.
You shoot an arrow. The arrow hits the gnoll.
The gnoll is heavily wounded.
The gnoll hits you with a +0 club. The gnoll hits you with a +0 flail.
The gnoll closely misses you.
You shoot an arrow. The arrow barely misses the gnoll.
The gnoll closely misses you.
You shoot an arrow. The arrow hits the gnoll.
The gnoll is almost dead.
The gnoll misses you.
A gnoll comes into view.
It is wielding a +2 flail of holy wrath.
The gnoll hits you with a +1 flail of draining!
You feel drained. The gnoll hits you with a +0 club.
You shoot an arrow. The gnoll shouts!
The arrow hits the gnoll.
You kill the gnoll!
The gnoll hits you with a +0 club. The gnoll hits you but does no damage.
You feel drained.
You shoot an arrow. The arrow hits the gnoll!
The gnoll is severely wounded.
The gnoll hits you with a +1 flail of draining.
You feel drained. The gnoll barely misses you.
You shoot an arrow. The arrow completely misses the gnoll.
The gnoll closely misses you.
You shoot an arrow. The arrow hits the gnoll.
The gnoll is almost dead.
The gnoll hits you with a +1 flail of draining.
You die...

#...# ##'## # ##.## ##...##
# #.#### ##.....## #
#.##.## ##.......###
.######.#...####.........##
........<......+.........'#
.#####......####.........##
#.#...## ##.........#
#...g@# ##.)...##.# #...gg#
##...###.' #......%. ##'##
### #.###.##.# #.# # #. #..
>. #.# # ## ..# ##.## ...
##...## ..#. #.....#
##...##


You could see 3 gnolls.

Vanquished Creatures
  A black bear (D:3)
  Natasha (thrice) (D:2)
  A gnoll (D:3)
  2 adders
  A dart slug (D:1)
  3 endoplasms (D:1)
  3 giant cockroaches
  5 goblins
  3 hobgoblins
  3 jackals (D:1)
  2 quokkas (D:1)
  9 ball pythons
  6 bats
  4 frilled lizards
  2 kobolds
  6 rats
54 creatures vanquished.

Notes
Turn   | Place    | Note
-------+----------+-------------------------------------------
     0 | D:1      | qw the Deep Elf Hunter began the quest for the Orb.
     0 | D:1      | Reached XP level 1. HP: 12/12 MP: 3/3
     0 | D:1      | 0 ||| qw: Version: 0.3-a-9-g12657ce
     0 | D:1      | 0 ||| qw: Game counter: 3435
     0 | D:1      | 0 ||| qw: Always use a shield: true
     0 | D:1      | 0 ||| qw: God list: Okawaru
     0 | D:1      | 0 ||| qw: Allow faded altars: false
     0 | D:1      | 0 ||| qw: Do Orc after D:15 true
     0 | D:1      | 0 ||| qw: Do second Lair branch before Depths: true
     0 | D:1      | 0 ||| qw: Lair rune preference: random
     0 | D:1      | 0 ||| qw: Plans: Normal
     0 | D:1      | 0 ||| PLANNING D:1-11
    29 | D:1      | 29 ||| DROPPING scroll of butterflies.
    47 | D:1      | 47 ||| FLEEEEING.
    48 | D:1      | 48 ||| FLEEEEING.
    49 | D:1      | 49 ||| FLEEEEING.
    50 | D:1      | 50 ||| FLEEEEING.
    52 | D:1      | 52 ||| FLEEEEING.
    53 | D:1      | 53 ||| FLEEEEING.
    54 | D:1      | 54 ||| FLEEEEING.
    55 | D:1      | 55 ||| FLEEEEING.
    56 | D:1      | 56 ||| FLEEEEING.
    57 | D:1      | 57 ||| FLEEEEING.
    58 | D:1      | 58 ||| FLEEEEING.
    59 | D:1      | 59 ||| FLEEEEING.
    60 | D:1      | 60 ||| FLEEEEING.
    61 | D:1      | 61 ||| FLEEEEING.
    62 | D:1      | 62 ||| FLEEEEING.
    63 | D:1      | 63 ||| FLEEEEING.
    64 | D:1      | 64 ||| FLEEEEING.
    65 | D:1      | 65 ||| FLEEEEING.
    66 | D:1      | 66 ||| FLEEEEING.
    67 | D:1      | 67 ||| FLEEEEING.
    68 | D:1      | 68 ||| FLEEEEING.
   109 | D:1      | Reached XP level 2. HP: 16/16 MP: 4/4
   121 | D:1      | Reached skill level 6 in Ranged Weapons
   554 | D:1      | Reached XP level 3. HP: 20/20 MP: 5/5
   645 | D:1      | Found Woefat's Magic Scroll Shop.
   648 | D:1      | 648 ||| BUYING scroll of identify (20 gold).
   648 | D:1      | Bought a scroll of identify for 20 gold pieces
   648 | D:1      | 648 ||| BUYING scroll of identify (20 gold).
   648 | D:1      | Bought a scroll of identify for 20 gold pieces
   648 | D:1      | 648 ||| SHOPLISTING scroll of identify (20 gold, have 9).
   730 | D:1      | 730 ||| UPGRADING to +0 ring mail.
   740 | D:1      | 740 ||| DROPPING +0 leather armour.
   741 | D:1      | 741 ||| READING scroll labelled QECVOA RAG QIZ.
   746 | D:1      | 746 ||| READING 2 scrolls of identify.
   746 | D:1      | 746 ||| IDENTIFYING black potion
   877 | D:2      | Noticed Natasha
   881 | D:2      | Killed Natasha
   882 | D:2      | Reached skill level 7 in Ranged Weapons
  1031 | D:2      | Reached XP level 4. HP: 25/25 MP: 6/6
  1034 | D:2      | Found a faded altar of an unknown god.
  1078 | D:2      | Noticed Natasha
  1090 | D:2      | Killed Natasha
  1091 | D:2      | Reached skill level 8 in Ranged Weapons
  1239 | D:2      | Noticed Natasha
  1282 | D:2      | HP: 3/25 [cerulean imp/+2 spear[Natasha] (7)]
  1283 | D:2      | 1283 ||| DRINKING potion of heal wounds.
  1287 | D:2      | HP: 1/25 [cerulean imp/+2 spear[Natasha] (2)]
  1289 | D:2      | Killed Natasha
  1574 | D:2      | 1574 ||| UPGRADING to +2 helmet.
  1579 | D:2      | 1579 ||| UPGRADING to +0 pair of gloves.
  1584 | D:2      | 1584 ||| READING scroll labelled TAKENN ZOGIUDA.
  1585 | D:2      | 1585 ||| READING scroll labelled QUFUATHR SITO.
  1586 | D:2      | 1586 ||| READING 2 scrolls labelled RUEQUT HUEFE.
  1587 | D:2      | 1587 ||| READING scroll labelled ULEMACK YDOGI.
  1588 | D:2      | 1588 ||| DROPPING scroll of immolation.
  1590 | D:2      | 1590 ||| Stepping ~*~*~tactically~*~*~ (cloud).
  1594 | D:2      | HP: 6/25 [poisoned by you (poison gas)]
  1598 | D:2      | HP: 2/25 [poisoned by you (poison gas)]
  1807 | D:3      | Reached XP level 5. HP: 28/29 MP: 7/7
  1816 | D:3      | Found a glowing silver altar of Zin.
  1817 | D:3      | Noticed an angel
  1896 | D:3      | Noticed a black bear
  1903 | D:3      | Killed a black bear
  1904 | D:3      | Reached skill level 9 in Ranged Weapons
  1999 | D:3      | HP: 6/27 [gnoll/+1 flail of draining (5)]
  2001 | D:3      | Slain by a gnoll

Levels and vault maps discovered:
D:1:      dpeg_arrival_stone_temple_mockup, layout_rooms, serial_shops,
          nicolae_shop_rolled_up, serial_bayou, serial_bayou_lake_a,
          serial_bayou_pond_e, serial_bayou_shore_b, serial_bayou_pond_d,
          hangedman_glass_teeth, chequers_serial_rivers_room_b,
          minmay_misc_feat_roman, minmay_cut_off
D:2:      layout_loops_ring, nicolae_ecumenical_snake_handling, uniq_natasha
D:3:      layout_loops_corners, zin_angel, lemuel_crystal_altar, serial_shops,
          nicolae_shop_gibbet_a_chance, uniq_terence

Skill      XL: |  1  2  3  4  5 |
---------------+----------------+-----
Ranged Weapons | 6 7 8 9 |  9.3
Fighting       | |  1.9
Dodging        | |  2.4
Stealth        | |  1.2

Action                     |  1- 3 |  4- 6 || total
---------------------------+-------+-------++-------
   Fire: Shortbow          |    88 |    71 ||   159
    Use: Scroll            |     2 |     4 ||     6
         Potion            |       |     1 ||     1
 Armour: Leather armour    |     2 |       ||     2
         Ring mail         |     4 |    15 ||    19
  Dodge: Dodged            |    18 |    25 ||    43

Table legend:
 A = Non-vault XP
 B = Vault XP
 C = Vault XP percentage of total XP
 D = Non-vault monster count
 E = Vault monster count
 F = Vault count percentage of total count
                 A         B        C        D         E       F
            +---------+---------+-------+---------+---------+-------
      Total |     304 |      45 |  12.9 |      47 |       7 |  13.0
            +---------+---------+-------+---------+---------+-------
        D:1 |      38 |       4 |   9.5 |      21 |       2 |   8.7
        D:2 |     109 |      41 |  27.3 |      20 |       5 |  20.0
        D:3 |     157 |       0 |   0.0 |       6 |       0 |   0.0
            +---------+---------+-------+---------+---------+-------
